 Dungeon Sprint DCSS version 0.17.0-18-gaab0e96 (webtiles) character file.

175 ericwiseman123 the Cleaver (level 5, 24/49 HPs)
             Began as a Minotaur Gladiator on Nov 12, 2015.
             Was an Initiate of Qazlal.
             Quit the game in the Dungeon (Sprint IX: "|||||||||||||||||||||||||||||").
             The game lasted 00:01:04 (66 turns).

ericwiseman123 the Cleaver (Minotaur Gladiator)       Turns: 66, Time: 00:01:04

Health: 24/49      AC:  3    Str: 21    XL:     5   Next: 29%
Magic:  4/4        EV: 14    Int:  5    God:    Qazlal [......]
Gold:   0          SH:  0    Dex: 10    Spells: 0 memorised, 4 levels left

rFire  . . .     SeeInvis .     a - +0 war axe
rCold  . . .     Clarity  .     b - +0 leather armour
rNeg   . . .     SustAt   .     (no shield)
rPois  .         Gourm    .     c - +0 hat
rElec  .         Spirit   .     (no cloak)
rCorr  .         Warding  .     (no gloves)
rMut   .         NoTele   +     (no boots)
MR     .....                    (no amulet)
Stlth  +.........               (no ring)
                                (no ring)

@: not resistant to hostile enchantments, very unstealthy
A: retaliatory headbutt, horns 2
a: Renounce Religion


You were in the Dungeon.
You worshipped Qazlal.
Qazlal was noncommittal.
You were not hungry.

You visited 1 branch

Inventory:

Hand Weapons
 a - a +0 war axe (weapon)
Missiles
 d - 3 throwing nets (quivered)
Armour
 b - a +0 leather armour (worn)
 c - a +0 hat (worn)
Scrolls
 k - a scroll of blinking
Potions
 f - a potion of curing
 g - a potion of heal wounds
 h - a potion of haste
 i - 2 potions of magic
 j - a potion of berserk rage
Comestibles
 e - a bread ration


   Skills:
 + Level 5.6 Fighting
 + Level 9.0 Axes
 + Level 3.5 Throwing
 + Level 8.0 Dodging


You had 4 spell levels left.
You didn't know any spells.

Dungeon Overview and Level Annotations

Branches:
Dungeon (1/1)

Altars:
Cheibriados
Dithmenos
Elyvilon
Fedhas
Gozag
Kikubaaqudgha
Makhleb
Nemelex Xobeh
Okawaru
Qazlal
Ru
Sif Muna
Trog
Vehumet
Xom
Yredelemnul
Zin
The Shining One
Beogh
Jiyva
Lugonu


Innate Abilities, Weirdness & Mutations

You reflexively headbutt those who attack you in melee.
You have a pair of horns on your head.


Message History

Found an opulent altar of Gozag.
There is a roughly hewn altar of Beogh here.
Found a sacrificial altar of Ru.
There is a viscous altar of Jiyva here.
There is a corrupted altar of Lugonu here.
There is a blossoming altar of Fedhas here.
There is a snail-covered altar of Cheibriados here.
There is a shadowy altar of Dithmenos here.
There is a stormy altar of Qazlal here.
You kneel at the altar of Qazlal.
Qazlal welcomes you!
Qazlal grants you immunity to your own clouds.
There is a shadowy altar of Dithmenos here.
There is a stormy altar of Qazlal here.
There is an opulent altar of Gozag here.
Unknown command.
Welcome back, ericwiseman123 the Minotaur Gladiator.
Qazlal says: Let the forces of nature tear it all down!
Press ? for a list of commands and other information.
Are you sure you want to abandon this character and quit the game? (Confirm with "yes".)

▓+▓
▓_▓
▓@▓
▓_▓
▓_▓
▓_▓
▓_▓
▓_▓
▓_▓
▓_▓
▓_▓


There were no monsters in sight!

Vanquished Creatures
  A water moccasin (D)
  A crimson imp (D)
  A worker ant (D)
  An adder (D)
  2 giant cockroaches (D)
  A goblin (D)
  2 hobgoblins (D)
  A rat (D)
10 creatures vanquished.

Vanquished Creatures (others)
  A spatial maelstrom (D)
1 creature vanquished.

Grand Total: 11 creatures vanquished

Notes
Turn   | Place    | Note
--------------------------------------------------------------
     0 | D        | ericwiseman123 the Minotaur Gladiator began the quest for the Orb.
     0 | D        | Reached XP level 1. HP: 18/18 MP: 0/0
     5 | D        | Reached skill level 4 in Axes
    19 | D        | Noticed a worker ant
    19 | D        | Noticed a water moccasin
    19 | D        | Noticed a crimson imp
    22 | D        | Banished a spatial maelstrom
    23 | D        | Reached skill level 5 in Axes
    23 | D        | Reached XP level 2. HP: 24/26 MP: 1/1
    25 | D        | Killed a crimson imp
    25 | D        | Reached skill level 6 in Axes
    25 | D        | Reached skill level 5 in Dodging
    25 | D        | Reached XP level 3. HP: 25/33 MP: 2/2
    26 | D        | Killed a water moccasin
    26 | D        | Reached skill level 5 in Fighting
    26 | D        | Reached skill level 8 in Axes
    26 | D        | Reached XP level 4. HP: 29/42 MP: 3/3
    26 | D        | Reached XP level 5. HP: 33/48 MP: 4/4
    30 | D        | Killed a worker ant
    30 | D        | Reached skill level 9 in Axes
    41 | D        | Found a glowing silver altar of Zin.
    41 | D        | Found a glowing golden altar of the Shining One.
    41 | D        | Found an ancient bone altar of Kikubaaqudgha.
    41 | D        | Found a basalt altar of Yredelemnul.
    41 | D        | Found a shimmering altar of Xom.
    41 | D        | Found a radiant altar of Vehumet.
    42 | D        | Found an iron altar of Okawaru.
    43 | D        | Found a burning altar of Makhleb.
    44 | D        | Found a deep blue altar of Sif Muna.
    45 | D        | Found a bloodstained altar of Trog.
    46 | D        | Found a sparkling altar of Nemelex Xobeh.
    47 | D        | Found a white marble altar of Elyvilon.
    48 | D        | Found a roughly hewn altar of Beogh.
    49 | D        | Found a viscous altar of Jiyva.
    50 | D        | Found a corrupted altar of Lugonu.
    51 | D        | Found a blossoming altar of Fedhas.
    52 | D        | Found a snail-covered altar of Cheibriados.
    53 | D        | Found a shadowy altar of Dithmenos.
    54 | D        | Found a stormy altar of Qazlal.
    55 | D        | Found an opulent altar of Gozag.
    56 | D        | Found a sacrificial altar of Ru.
    62 | D        | Became a worshipper of Qazlal Stormbringer
    66 | D        | Quit the game

Action                   |  1- 3 |  4- 6 || total
-------------------------+-------+-------++-------
Melee: War axe           |    15 |     4 ||    19
